 Dungeon Crawl Stone Soup version 0.28-a0-1638-g9123634e07 (webtiles) character file.

Game seed: 15792774626553101757

80 tunnels2 the Skirmisher (level 4, 0/61 HPs)
             Began as a Minotaur Berserker on Jan 25, 2022.
             Was a Believer of Trog.
             Succumbed to an adder's poison
             ... on level 4 of the Dungeon.
             The game lasted 00:02:21 (2167 turns).

tunnels2 the Skirmisher (Minotaur Berserker)        Turns: 2167, Time: 00:02:21

Health: 0/61       AC: 22    Str: 23    XL:     4   Next: 18%
Magic:  3/3        EV:  2    Int:  4    God:    Trog [**....]
Gold:   72         SH:  0    Dex: 10    Spells: 3/3 levels left

rFire   . . .      SeeInvis .   a - +0 hand axe
rCold   . . .      Faith    .   (no shield)
rNeg    . . .      Spirit   .   (armour currently unavailable)
rPois   +          Reflect  .   (helmet currently unavailable)
rElec   .          Harm     .   (cloak currently unavailable)
rCorr   .          Rampage  .   (gloves currently unavailable)
Will    .....      NoTele   +   (boots currently unavailable)
Stlth   +.........              (no amulet)
HPRegen 0.20/turn               (no ring)
MPRegen 0.08/turn               (no ring)

@: lethally poisoned (0 -> -2), tree-form, hasted, very quick
A: stationary, stasis, torment immunity, boosted hp, (horns 2), (retaliatory
headbutt)
a: Renounce Religion, Berserk, Trog's Hand


You were on level 4 of the Dungeon.
You worshipped Trog.
Trog was pleased with you.
You were a tree.
You visited 1 branch of the dungeon, and saw 4 of its levels.

You collected 72 gold pieces.

Inventory:

Hand Weapons
 a - a +0 hand axe (weapon)
Armour
 b - a +0 animal skin
 f - a +1 plate armour (melded)
Jewellery
 i - a ring of see invisible
 m - a ring of protection from cold
Wands
 k - a wand of flame (8)
Scrolls
 c - 2 scrolls of magic mapping
 d - a scroll of amnesia {unknown}
 e - a scroll of teleportation
 j - a scroll of holy word
 l - a scroll of vulnerability


   Skills:
 - Level 4.6 Fighting
 - Level 4.0 Axes
 + Level 4.1 Armour
 - Level 2.3 Dodging


You had 3 spell levels left.
You didn't know any spells.
Your spell library contained the following spells:

 Spells                   Type           Power      Damage    Failure   Level
 Ensorcelled Hibernation  Hex/Ice        0%         N/A       65%         2
 Passwall                 Tmut/Erth      0%         N/A       65%         2
 Swiftness                Air            0%         N/A       86%         3


Dungeon Overview and Level Annotations

Branches:
Dungeon (4/15)
 Temple: D:4-7

Altars:


Innate Abilities, Weirdness & Mutations

You are a tree.
Your roots penetrate the ground, keeping you stationary.
You cannot be teleported.
You are immune to unholy pain and torment.
Your maximum health is greatly increased.
Your equipment is partially melded.
((You have a pair of horns on your head.))
((You reflexively headbutt those who attack you in melee.))


Message History

Trog accepts your kill.
You hit the iguana but do no damage. The iguana bites you.
Your Armour skill increases to level 4!
You have reached level 4!
You feel agile.
You are too injured to fight recklessly!
You are too injured to fight recklessly!
Cleave: a) +0 hand axe
Press: ? - help, Dir - move target, f - iguana
Aim: an iguana (about 35% to evade your +0 hand axe)
You hit the iguana.
The iguana is lightly wounded.
The iguana bites you. The adder completely misses you.
As you read the scroll of teleportation, it crumbles to dust.
You feel strangely unstable. The iguana bites you!
* * * LOW HITPOINT WARNING * * *
The adder barely misses you. The adder bites you.
* * * LOW HITPOINT WARNING * * *
You are lethally poisoned!
The adder poisons you!
It was a potion of lignification.
You turn into a tree.
Your +1 plate armour melds into your body.
Your roots penetrate the ground.
You feel strangely stable.
* * * LOW HITPOINT WARNING * * *
You feel sick. The adder bites you but does no damage.
It was a potion of haste.
You feel yourself speed up.
* * * LOW HITPOINT WARNING * * *
You feel sick. The adder barely misses you.
The iguana bites you but does no damage.
Okay, then.
You closely miss the adder. Your punch misses the adder.
You hit the iguana but do no damage.
* * * LOW HITPOINT WARNING * * *
You feel sick. The adder bites you but does no damage.
The iguana bites you but does no damage.
You hit the iguana.
The iguana is moderately wounded.
You completely miss the adder.
You die...

...##.####+##..#######.
... #.# ##..........
... ... #...........
.... ... #...........
... ... #..)..>.....
##..######.#
#.(######.###.
#....l........
#...♣S........
#######....?.. .......
..$##.. ...# . ....
..... ......


You could see an iguana and an adder.

Vanquished Creatures
  A jelly (D:4)
  A dart slug (D:1)
  2 ball pythons (D:1)
  3 endoplasms
  A giant cockroach (D:1)
  3 hobgoblins (D:1)
  12 jackals
  2 quokkas
  4 bats
  A frilled lizard (D:1)
  4 goblins
  5 kobolds
  4 rats
43 creatures vanquished.

Notes
Turn   | Place    | Note
-------+----------+-------------------------------------------
     0 | D:1      | tunnels2 the Minotaur Berserker began the quest for the
                  | Orb.
     0 | D:1      | Reached XP level 1. HP: 19/19 MP: 0/0
   126 | D:1      | Reached XP level 2. HP: 19/27 MP: 1/1
   717 | D:1      | Reached XP level 3. HP: 22/34 MP: 2/2
  1228 | D:2      | Reached ** piety under Trog
  1509 | D:2      | Noticed a scorpion
  2160 | D:4      | Reached XP level 4. HP: 18/41 MP: 3/3
  2163 | D:4      | HP: 2/41 [adder (4)]
  2167 | D:4      | Succumbed to an adder's poison

Illustrated notes

Levels and vault maps discovered:
D:1:      scummos_arrival_hexagon, layout_basic
D:2:      layout_basic, shapermc_ecumenical_altar_starsandcircs
D:3:      layout_rooms
D:4:      layout_gridville, led_sif_book

Skill      XL: |  1  2  3 |
---------------+----------+-----
Axes           | 4 |  4.0
Fighting       | 4 |  4.6
Armour         | 4 |  4.1
Dodging        | |  2.3

Action                   |  1- 3 |  4- 6 || total
-------------------------+-------+-------++-------
Melee: Hand axe          |    77 |     3 ||    80
       Headbutt          |    13 |       ||    13
  Use: Scroll            |     7 |     1 ||     8
       Potion            |       |     2 ||     2
Armor: Animal skin       |     7 |       ||     7
       Plate armour      |    35 |       ||    35
       Skin              |       |     4 ||     4
Dodge: Dodged            |    57 |     3 ||    60

Table legend: (Time is in decaauts)
 A = Elapsed time spent in this place.
 B = Non-inter-level travel time spent in this place.
 C = Inter-level travel time spent in this place.
 D = Time resting spent in this place.
 E = Time spent auto-exploring this place.
 F = Levels seen in this place.
 G = Mean time per level.
                   A        B        C        D        E       F      G
               +--------+--------+--------+--------+--------+-----+--------+
         Total |   2173 |   2133 |     40 |    361 |   1460 |   4 |  543.2 |
       Dungeon |   2173 |   2133 |     40 |    361 |   1460 |   4 |  543.2 |
               +--------+--------+--------+--------+--------+-----+--------+

Top non-repeatable levels by time:
     D:1: 1124 daAuts
     D:3: 575 daAuts
     D:2: 411 daAuts
     D:4: 63 daAuts
